 Dungeon Crawl Stone Soup version 0.23.2-40-g277498a001 (webtiles) character file.

Game seed: 3758720826620533320

91 Descartes the Shield-Bearer (level 4, -1/35 HPs)
             Began as a Formicid Fighter on Oct 5, 2019.
             Killed from afar by an orc wizard (7 damage)
             ... with a magic dart
             ... on level 2 of the Dungeon.
             The game lasted 00:02:28 (1949 turns).

Descartes the Shield-Bearer (Formicid Fighter)      Turns: 1949, Time: 00:02:28

Health: -1/35      AC:  6    Str: 23    XL:     4   Next: 88%
Magic:  4/4        EV:  8    Int:  8    God:
Gold:   65         SH:  0    Dex: 10    Spells: 3/3 levels left

rFire    x . .     SeeInvis +   a - +0 war axe
rCold    + . .     Gourm    .   c - +0 shield
rNeg     . . .     Faith    .   b - +0 scale mail
rPois    .         Spirit   .   (helmet unavailable)
rElec    .         Reflect  .   (no cloak)
rCorr    .         Harm     .   (no gloves)
MR       .....                  (no boots)
Stlth    ..........             (no amulet)
HPRegen  0.11/turn              k - +2 ring of strength
MPRegen  0.09/turn              r - ring of ice (curse)

@: confused
A: permanent stasis, dig shafts and tunnels, four strong arms, antennae 3
a: Dig, Shaft Self


You were on level 2 of the Dungeon.
You were very hungry.

You visited 1 branch of the dungeon, and saw 2 of its levels.

You collected 65 gold pieces.

Inventory:

Hand Weapons
 a - a +0 war axe (weapon)
Missiles
 e - 26 stones (quivered)
 l - 55 arrows
 o - 3 curare-tipped needles
Armour
 b - a +0 scale mail (worn)
 c - a +0 shield (worn)
Jewellery
 k - a +2 ring of strength (left hand)
 r - a cursed ring of ice (right hand)
Scrolls
 h - 2 scrolls of teleportation {unknown}
 j - a scroll of blinking {unknown}
 m - a scroll of amnesia {unknown}
 n - 3 scrolls of remove curse {unknown}
 p - a scroll of immolation {unknown}
 q - a scroll of enchant armour {unknown}
 s - a scroll of identify {unknown}
Potions
 d - a potion of might
 g - a potion of cancellation {unknown}
 i - a potion of agility {unknown}
Comestibles
 f - 5 rations


   Skills:
 - Level 3.2 Fighting
 - Level 2.0 Axes
 - Level 3.2 Armour
 + Level 6.3 Shields


You had 3 spell levels left.
You didn't know any spells.
Your spell library was empty.

Dungeon Overview and Level Annotations

Branches:
Dungeon (2/15)

Altars:
Okawaru
Ru


Innate Abilities, Weirdness & Mutations

You cannot be hasted, slowed, berserked, paralysed or teleported.
You can dig through walls and to a lower floor.
Your four strong arms can wield two-handed weapons with a shield.
You have a pair of large antennae on your head. (SInv)


Message History

You hit the leopard gecko.
Your shield and scale mail prevent you from hitting the orc wizard.
The orc wizard hits you with a +0 dagger.
The orc wizard hits you but does no damage. x2
The leopard gecko barely misses you. The orc hits you with a +0 trident.
* * * LOW HITPOINT WARNING * * *
The orc wizard hits you but does no damage.
The orc wizard casts a spell at you. The magic dart hits you.
* * * LOW HITPOINT WARNING * * *
The orc wizard hits you but does no damage.
The leopard gecko bites you but does no damage.
You closely miss the orc wizard.
The orc wizard is moderately wounded.
You barely miss the orc. You hit the leopard gecko.
You kill the leopard gecko!
You hit the orc wizard. You miss the orc wizard.
The orc wizard points at you and mumbles some strange words.
The magic dart hits you!
You die...

# #.....#.# #.#.#
#.#.#.#.# # #.....##.#
#.#..# #.#.#.#.# #
####.##
######.######........ #
#+#
#...........#####.### #
#.####.####.# #.# #
#.......#.# #.### #
#.##.##.#.# #.##. ####
...#.#o#o..#.#.#####.#..
...+
..%...o@._..............
####
...#.#o#o..#.#.#####....
# #.##.##.#.# #..#.
#.......#.# #..##
####.####.# #....
........# ##.##
##.###### #.## #.# #(..
# ####


You could see 3 orc wizards and 2 orcs.

Vanquished Creatures
  Natasha (twice) (D:2)
  An adder (D:2)
  3 dart slugs
  2 leopard geckos
  A goblin (D:1)
  3 hobgoblins (D:1)
  3 jackals (D:1)
  4 bats
  A frilled lizard (D:2)
  2 kobolds (D:1)
  2 rats (D:1)
24 creatures vanquished.

Notes
Turn   | Place    | Note
-------+----------+-------------------------------------------
     0 | D:1      | Descartes the Formicid Fighter began the quest for the Orb.
     0 | D:1      | Reached XP level 1. HP: 18/18 MP: 1/1
   376 | D:1      | Reached skill level 4 in Shields
   427 | D:1      | Reached XP level 2. HP: 24/24 MP: 2/2
   527 | D:1      | Reached XP level 3. HP: 29/29 MP: 3/3
   689 | D:1      | Reached skill level 5 in Shields
  1185 | D:2      | Found a sacrificial altar of Ru.
  1228 | D:2      | Noticed Natasha
  1253 | D:2      | Killed Natasha
  1253 | D:2      | Reached XP level 4. HP: 8/35 MP: 4/4
  1625 | D:2      | Found an iron altar of Okawaru.
  1937 | D:2      | Noticed Natasha
  1945 | D:2      | Killed Natasha
  1945 | D:2      | Reached skill level 6 in Shields
  1949 | D:2      | Killed from afar by an orc wizard

Skill      XL: |  1  2  3  4 |
---------------+-------------+-----
Shields        | 4 5 6 |  6.3
Fighting       | |  3.2
Axes           | |  2.0
Armour         | |  3.2

Action                   |  1- 3 |  4- 6 || total
-------------------------+-------+-------++-------
Melee: War axe           |    84 |    24 ||   108
  Eat: Chunk             |     1 |     1 ||     2
Armor: Scale mail        |    34 |    18 ||    52
Dodge: Dodged            |    35 |    16 ||    51
Block: Shield            |    55 |    12 ||    67
